 Dungeon Crawl Stone Soup version 0.29.1-4-g47bece8355 (webtiles) character file.

Game seed: 1944489158201772292

19 hawla the Chiller (level 3, -5/26 HPs)
             Began as a Meteoran Ice Elementalist on Dec 6, 2022.
             Slain by Robin
             ... wielding a +2 dagger of electrocution
              (18 damage)
             ... on level 2 of the Dungeon.
             The game lasted 00:01:13 (174 turns).

hawla the Chiller (Meteoran Ice Elementalist)        Turns: 174, Time: 00:01:14

Health: -5/26      AC:  2    Str:  9    XL:     3   Next: 11%
Magic:  3/8        EV: 12    Int: 18    God:
Gold:   23         SH:  0    Dex: 15    Spells: 7/8 levels left

rFire   . . .      SeeInvis .   e - staff of conjuration
rCold   . . .      Faith    .   (no shield)
rNeg    . . .      Spirit   .   a - +0 robe
rPois   .          Reflect  .   (no helmet)
rElec   .          Harm     .   (no cloak)
rCorr   .          Rampage  .   (no gloves)
Will    .....                   (no boots)
Stlth   +.........              (no amulet)
HPRegen 0.08/turn               (no ring)
MPRegen 0.11/turn               (no ring)

@: glowing
A: sense surroundings 1, otherworldly, glowing, explore regen
a: no special abilities


You were on level 2 of the Dungeon.
You visited 1 branch of the dungeon, and saw 2 of its levels.

You collected 23 gold pieces.

Inventory:

Armour
 a - a +0 robe (worn)
Magical Staves
 e - a staff of conjuration (weapon)
Scrolls
 d - 2 scrolls of teleportation {unknown}
 f - a scroll of noise {unknown}
 g - a scroll of enchant armour {unknown}
 h - a scroll of acquirement {unknown}
Potions
 b - 2 potions of magic
 c - a potion of brilliance {unknown}


   Skills:
 + Level 2.6 Dodging
 - Level 1.4 Stealth
 + Level 3.0 Spellcasting
 + Level 5.0 Ice Magic


You had 7 spell levels left.
You knew the following spells:

 Your Spells              Type           Power      Damage    Failure   Level
a - Freeze                Ice            80%        1d9       1%          1

Your spell library contained the following spells:

 Spells                   Type           Power      Damage    Failure   Level
 Frozen Ramparts          Ice            40%        1d7       6%          3
 Ozocubu's Armour         Ice            20%        N/A       6%          3
 Hailstorm                Conj/Ice       17%        3d6       50%         4


Dungeon Overview and Level Annotations

Branches:
Dungeon (2/15) Zot: 1024

Altars:

Annotations:
D:2 Robin


Innate Abilities, Weirdness & Mutations

You passively map a small area around you.
You are easily found by Zot.
You glow in the dark.
You regain HP and MP as you explore.


Message History

You don't know that spell.
Casting: Freeze (safe; 1% risk of failure)
Confirm with . or Enter, or press ? or * to list all spells.
Aiming: Freeze (safe; 1% risk of failure)
Press: ? - help, Shift-Dir - straight line, f - goblin
Aim: a goblin, wielding a +0 dagger You freeze the goblin.
You kill the goblin!
Robin drinks a potion.
Robin flickers and vanishes!
Deactivating autopickup; reactivate with Ctrl-A.
A goblin comes into view. It is wielding a +0 club.
Casting: Freeze (safe; 1% risk of failure)
Confirm with . or Enter, or press ? or * to list all spells.
Aiming: Freeze (safe; 1% risk of failure)
Press: ? - help, Shift-Dir - straight line, f - goblin
Aim: a goblin, wielding a +0 club You freeze the goblin!
You kill the goblin!
Unknown command.
Something hits you.
A goblin comes into view. It is wielding a +0 dagger.
Things that are here:
a +0 club; a +0 dagger You barely miss something.
Something hits you.
You barely miss something. Something hits you.
Casting: Freeze (safe; 1% risk of failure)
Confirm with . or Enter, or press ? or * to list all spells.
Okay, then.
Casting: Freeze (safe; 1% risk of failure)
Confirm with . or Enter, or press ? or * to list all spells.
Aiming: Freeze (safe; 1% risk of failure)
Press: ? - help, Shift-Dir - straight line You freeze something.
Something hits you.
Casting: Freeze (safe; 1% risk of failure)
Confirm with . or Enter, or press ? or * to list all spells.
Aiming: Freeze (safe; 1% risk of failure)
Press: ? - help, Shift-Dir - straight line You freeze something.
Something hits you.
You are electrocuted!!
Ouch! That really hurt!
You die...

, , ~ ~ , , * , * . ,
* ,* #. , , *#.. * , ,
#..###### , ##.......#
~ ,, .........######.#
* #........@.gggg# ,
##.####.)######## #..
#..###### * * #.#
#..#..... *, #.#
#.....## * * * #,
##.#####......#####
.#,* *
#.##...##.............
.#
#..........†....^###.#
.# *
####.†.##.##....## #.#
*..


You could see a hobgoblin and 3 goblins.

Vanquished Creatures
  An adder (D:2)
  An endoplasm (D:1)
  3 goblins (D:2)
  2 hobgoblins
  A bat (D:1)
  2 frilled lizards (D:2)
10 creatures vanquished.

Notes
Turn   | Place    | Note
-------+----------+-------------------------------------------
     0 | D:1      | hawla the Meteoran Ice Elementalist began the quest for the
                  | Orb.
     0 | D:1      | Reached XP level 1. HP: 14/14 MP: 5/5
    50 | D:2      | Reached XP level 2. HP: 15/20 MP: 0/6
   152 | D:2      | Reached skill level 5 in Ice Magic
   160 | D:2      | Reached XP level 3. HP: 21/26 MP: 4/8
   165 | D:2      | Noticed Robin
   174 | D:2      | Slain by Robin

Illustrated notes

Levels and vault maps discovered:
D:1:      spicycebolla_arrival_ecumenical, layout_loops_ring, serial_shops,
          shop_statue, minmay_domino_2
D:2:      layout_loops_ring, kennysheep_pointless_box, uniq_robin

Skill      XL: |  1  2 |
---------------+-------+-----
Ice Magic      | 5 |  5.0
Spellcasting   | 3 |  3.0
Dodging        | |  2.6
Stealth        | |  1.4

Action                   || total
-------------------------++-------
Melee: Staff             ||     7
 Cast: Freeze            ||    17
Armor: Robe              ||    13
Dodge: Dodged            ||    12
